AoeStats
← Adino the Eznite

Oasis

507912984Analyzed
4v4 RM · 11d ago on Sep 20, 2026· 39m 22s· 8 players
Game mode
Random Map
Map size
Large (8 player)
Population
200
Speed
Normal
Resources
Standard
Victory
Conquest
Starting age
Dark Age
Ending age
Imperial Age
RankedLock teamsTeams togetherTeam positionsShared explorationLock speedFull tech treeHidden civsTurbo modeCheats
Victory
Defeat
🇺🇸 Vietnamese · United States
1653
+7
🇲🇽 Hindustanis · Mexico
1568
+10
🇲🇽 Maya · Mexico
1473
+13
🇲🇽 Magyars · Mexico
1387
+16
🇪🇨 Cumans · Ecuador
1480
-15
🇺🇸 Shu · United States
1408
-11
🇺🇸 Franks · United States
1390
-10
🇺🇸 Huns · United States
1383
-10
Adino the Eznite
6:31 Loom
9:10 Feudal Age
12:15 Fletching
12:26 Padded Archer Armor
12:18 Double-Bit Axe
30:49 Castle Age
30:11 Gold Mining
Seabis
4:45 Loom
10:21 Feudal Age
14:26 Double-Bit Axe
19:17 Fletching
27:28 Castle Age
Maty
7:17 Loom
9:24 Feudal Age
10:01 Double-Bit Axe
11:38 Horse Collar
18:55 Scale Barding Armor
21:09 Wheelbarrow
21:58 Bloodlines
22:22 Forging
26:00 Castle Age
27:01 Chain Barding Armor
27:33 Gold Mining
30:40 Gold Shaft Mining
30:16 Bow Saw
30:07 Heavy Plow
33:57 Iron Casting
35:01 Stone Mining
38:49 Hand Cart
RainMaker
10:12 Feudal Age
8:27 Loom
15:23 Castle Age
13:47 Double-Bit Axe
14:15 Horse Collar
19:22 Fletching
21:51 Gold Mining
24:08 Padded Archer Armor
24:35 Bodkin Arrow
26:19 Leather Archer Armor
26:15 Husbandry
26:26 Bloodlines
30:48 Ballistics
Code153
7:38 Loom
9:45 Feudal Age
20:18 Castle Age
19:00 Double-Bit Axe
21:03 Bloodlines
22:40 Wheelbarrow
22:16 Husbandry
22:57 Scale Barding Armor
24:21 Gold Mining
25:16 Bow Saw
29:06 Gold Shaft Mining
29:43 Town Watch
30:25 Chain Barding Armor
30:14 Stone Mining
31:15 Horse Collar
37:01 Hand Cart
37:44 Heavy Plow
Duaaa
7:04 Loom
9:19 Feudal Age
10:00 Double-Bit Axe
9:57 Horse Collar
15:26 Wheelbarrow
16:01 Scale Barding Armor
16:54 Forging
21:47 Castle Age
20:31 Bloodlines
22:53 Husbandry
22:15 Light Cavalry
23:17 Chain Barding Armor
23:10 Bow Saw
26:35 Gold Mining
29:43 Gold Shaft Mining
35:44 Iron Casting
39:06 Stone Mining
Ro0kiE_
6:03 Loom
9:02 Feudal Age
14:24 Fletching
14:56 Padded Archer Armor
19:39 Double-Bit Axe
24:20 Castle Age
22:46 Horse Collar
23:01 Gold Mining
24:23 Crossbowman
25:02 Bodkin Arrow
26:25 Ballistics
27:07 Wheelbarrow
26:59 Thumb Ring
28:47 Bow Saw
28:47 Town Watch
28:43 Horse Collar
40:34 Imperial Age
37:55 Treadmill Crane
38:49 Hand Cart
39:07 Leather Archer Armor
Walmart
0:26 Loom
11:25 Feudal Age
13:04 Man-at-Arms
16:32 Fletching
19:24 Double-Bit Axe
22:09 Wheelbarrow
25:53 Castle Age
24:28 Padded Archer Armor
24:42 Horse Collar
26:41 Thumb Ring
26:16 Crossbowman
28:00 Bodkin Arrow
29:27 Ballistics
33:57 Leather Archer Armor
Connection lost

Rejoining the realm…

Still unreachable

The connection could not be restored.

Session expired

The server has moved on; the page needs a fresh start.